 Dungeon Crawl Stone Soup version 0.29.1-1-gd02db6906a (webtiles) character file.

Game seed: 1890568655817399556

784 zedzed the Chopper (level 7, 0/64 HPs)
             Began as a Hill Orc Fighter on Sept 17, 2022.
             Slain by a gnoll sergeant
             ... wielding a +4 spear of venom
              (10 damage)
             ... on level 6 of the Dungeon.
             The game lasted 00:20:58 (6970 turns).

zedzed the Chopper (Hill Orc Fighter)               Turns: 6970, Time: 00:21:01

Health: 0/64       AC:  6    Str: 21    XL:     7   Next: 86%
Magic:  7/7        EV:  9    Int:  8    God:
Gold:   326        SH:  6    Dex: 10    Spells: 6/6 levels left

rFire   . . .      SeeInvis .   a - +1 war axe
rCold   . . .      Faith    .   c - +1 buckler
rNeg    . . .      Spirit   .   b - +0 scale mail
rPois   .          Reflect  .   (no helmet)
rElec   .          Harm     .   (no cloak)
rCorr   .          Rampage  .   (no gloves)
Will    .....                   (no boots)
Stlth   ..........              (no amulet)
HPRegen 0.20/turn               (no ring)
MPRegen 0.10/turn               (no ring)

@: lethally poisoned (0 -> -19)
A: no striking features
a: no special abilities


You were on level 6 of the Dungeon.
You visited 2 branches of the dungeon, and saw 7 of its levels.
You also visited: Ossuary.

You collected 326 gold pieces.

Inventory:

Hand Weapons
 a - a +1 war axe (weapon)
 g - a +2 short sword of electrocution
Missiles
 h - 102 stones (quivered)
 i - 2 poisoned darts
 C - a throwing net
Armour
 b - a +0 scale mail (worn)
 c - a +1 buckler (worn)
 f - a +0 plate armour
Jewellery
 n - a +4 ring of protection
Wands
 k - a wand of iceblast (9)
Scrolls
 e - 2 scrolls of poison
 o - 2 scrolls of fear
 q - a scroll of acquirement {unknown}
 s - a scroll of torment {unknown}
 u - a scroll of teleportation {unknown}
 v - 2 scrolls of identify
 w - a scroll of butterflies {unknown}
 x - 2 scrolls of summoning {unknown}
 y - a scroll of magic mapping {unknown}
 D - a scroll of immolation {unknown}
Potions
 d - 2 potions of might
 j - 4 potions of heal wounds
 l - 6 potions of curing {unknown}
 m - 2 potions of attraction {unknown}
 p - 2 potions of berserk rage {unknown}
 r - 2 potions of mutation {unknown}
 t - a potion of degeneration {unknown}
 z - a potion of haste
 A - a potion of resistance {unknown}
 B - a potion of flight {unknown}


   Skills:
 + Level 6.8 Fighting
 + Level 6.9 Axes
 - Level 3.2 Armour
 - Level 6.3 Shields


You had 6 spell levels left.
You didn't know any spells.
Your spell library contained the following spells:

 Spells                   Type           Power      Damage    Failure   Level
 Apportation              Tloc           0%         N/A       83%         1
 Confusing Touch          Hex            0%         N/A       99%         3
 Gell's Gravitas          Tloc           0%         N/A       99%         3
 Ignite Poison            Fire/Tmut/Pois 0%         N/A       99%         3
 Lesser Beckoning         Tloc           0%         N/A       99%         3
 Mephitic Cloud           Conj/Pois/Air  0%         N/A       99%         3
 Teleport Other           Tloc           0%         N/A       99%         3
 Alistair's Intoxication  Tmut/Pois      0%         N/A       100%        5
 Freezing Cloud           Conj/Ice/Air   0%         6-21      100%        5
 Yara's Violent Unravell  Hex/Tmut       0%         3d3       100%        5
 Enfeeble                 Hex            0%         N/A       100%        7


Dungeon Overview and Level Annotations

Branches:
Dungeon (6/15)             Temple (1/1) D:4         Ossuary (visited)

Altars:
Ashenzari
Fedhas
Nemelex Xobeh
Qazlal
Ru
Uskayaw
Vehumet
Xom
Yredelemnul
Zin

Annotations:
D:4 2 transporters, Turbognida's ghost, amateur DsGl


Message History

The bullfrog barely misses you. The bullfrog hits you.
You barely miss the bullfrog.
The bullfrog is almost dead.
You block the bullfrog's attack. The bullfrog hits you.
You slash the bullfrog!
You kill the bullfrog!
You start resting.
HP restored.
Saving game... please wait.
Welcome back, zedzed the Hill Orc Fighter.
Press ? for a list of commands and other information.
You climb downwards.
There is a stone staircase leading up here.
The gnoll sergeant throws a stone.
The stone hits you. The gnoll sergeant closely misses you.
The gnoll sergeant hits you with a +4 spear of venom!
You are poisoned.
You hit the gnoll sergeant.
The gnoll sergeant is lightly wounded.
You feel very sick.
The gnoll sergeant hits you with a +4 spear of venom.
You are more poisoned.
You barely miss the gnoll sergeant.
The gnoll sergeant is lightly wounded.
You feel very sick.
The gnoll sergeant hits you with a +4 spear of venom.
You are more poisoned.
You barely miss the gnoll sergeant.
The gnoll sergeant is lightly wounded.
You feel very sick.
The gnoll sergeant hits you with a +4 spear of venom!
You are lethally poisoned!
You slash the gnoll sergeant!
The gnoll sergeant is severely wounded.
* * * LOW HITPOINT WARNING * * *
You feel extremely sick.
The gnoll sergeant hits you with a +4 spear of venom!
* * * LOW HITPOINT WARNING * * *
The gnoll sergeant hits you with a +4 spear of venom!
You die...

. #.###...# .....
...#.......# ...
#.....#....##.############
#.###.#.......#..........#
o.#......##.........^#
#.........)...........#
#.###....###..........#
#.........##.g........#
$..#....#.##.@........# ##
#.......#..........#
#....#....<........#
.n..................#
###.....##..........# ....
##.....##### ... #.#.....
.. #.#......# #........#


You could see a gnoll sergeant.

Vanquished Creatures
  A phantom (D:6)
  A bullfrog (D:5)
  A scorpion (D:5)
  A necrophage (D:6)
  3 hounds
  A jelly (D:6)
  An orc priest (D:3)
  2 iguanas
  A mummy (Ossuary)
  7 gnolls
  7 adders
  3 white imps
  2 worms
  3 dart slugs
  8 orcs
  2 spectral bats (Ossuary)
  5 ball pythons
  3 bats
  4 endoplasms
  3 giant cockroaches
  12 gnoll zombies (Ossuary)
  9 goblins
  11 hobgoblins
  4 jackals (D:3)
  7 quokkas
  A bat simulacrum (Ossuary)
  3 frilled lizards
  3 goblin simulacra (Ossuary)
  7 goblin zombies (Ossuary)
  3 hobgoblin zombies (Ossuary)
  9 kobolds
  2 kobold simulacra (Ossuary)
  3 kobold zombies (Ossuary)
  5 orc zombies (Ossuary)
  14 rats
  2 rat simulacra (Ossuary)
  A spectral goblin (Ossuary)
  A spectral kobold (Ossuary)
  4 spectral rats (Ossuary)
160 creatures vanquished.

Notes
Turn   | Place    | Note
-------+----------+-------------------------------------------
     0 | D:1      | zedzed the Hill Orc Fighter began the quest for the Orb.
     0 | D:1      | Reached XP level 1. HP: 19/19 MP: 1/1
   429 | D:1      | Reached XP level 2. HP: 27/27 MP: 2/2
   860 | D:1      | Reached XP level 3. HP: 31/33 MP: 3/3
  1047 | D:1      | Found a faded altar of an unknown god.
  1420 | D:2      | Reached XP level 4. HP: 40/41 MP: 4/4
  2682 | D:3      | Found a stormy altar of Qazlal.
  2682 | D:3      | Noticed a water elemental
  2685 | D:3      | Noticed a fire elemental
  2862 | D:3      | Noticed an earth elemental
  2863 | D:3      | Noticed an air elemental
  2938 | D:3      | Reached XP level 5. HP: 40/47 MP: 5/5
  3185 | D:3      | Reached skill level 5 in Fighting
  4248 | D:4      | Found a staircase to the Ecumenical Temple.
  4260 | Temple   | Entered the Ecumenical Temple
  4528 | D:4      | Reached skill level 5 in Axes
  4630 | D:4      | Reached skill level 5 in Shields
  4630 | D:4      | Reached XP level 6. HP: 51/56 MP: 6/6
  4727 | D:4      | Noticed Turbognida's ghost (amateur DsGl)
  4728 | D:4      | Found a transporter.
  4729 | D:4      | Found a transporter.
  4729 | D:4      | Identified the +1 dire flail "Viv Tid" {vorpal, rF+ rC+
                  | Int+3 SInv}
  5303 | D:5      | Entered Level 5 of the Dungeon
  5682 | D:5      | Found a sand-covered staircase.
  5691 | Ossuary  | Entered an ossuary
  6250 | D:5      | Reached XP level 7. HP: 63/63 MP: 7/7
  6970 | D:6      | Slain by a gnoll sergeant

Illustrated notes

Levels and vault maps discovered:
D:1:      minmay_arrival_arboretum_small, layout_loops_cross,
          shapermc_ecumenical_altar_mp_vishouse, corexii_corridor_pit,
          minmay_statues_item, nrook_campfire
D:2:      layout_loops_ring
D:3:      layout_basic, nicolae_qazlal_style_of_elements, lemuel_flame_loot_1
D:4:      layout_basic, minmay_temple_entry_tees, gammafunk_ghost_smash
D:5:      layout_cave_pools, enter_ossuary_1
D:6:      hangedman_cross_stitches, layout_rooms, mainiacjoe_overflow_alcove_1,
          uniq_menkaure, uniq_blork_the_orc
Temple:   jpeg_temple_island

Skill      XL: |  1  2  3  4  5  6  7 |
---------------+----------------------+-----
Axes           | 3 4 5 6 |  6.9
Fighting       | 4 5 6 |  6.8
Shields        | 4 5 6 |  6.3
Armour         | |  3.2

Action                   |  1- 3 |  4- 6 |  7- 9 || total
-------------------------+-------+-------+-------++-------
Melee: War axe           |    64 |   339 |    57 ||   460
  Use: Scroll            |     2 |     3 |     1 ||     6
Armor: Scale mail        |    19 |   120 |    13 ||   152
Dodge: Dodged            |    16 |   140 |    26 ||   182
Block: Buckler           |     6 |    67 |    17 ||    90
